 Dungeon Crawl Stone Soup version 0.20.1-1-g8b1a95d66d (webtiles) character file.

40 Gersthal the Skirmisher (level 3, -6/29 HPs)
             Began as a Demonspawn Monk on Nov 20, 2017.
             Killed from afar by a white imp (10 damage)
             ... with a puff of frost
             ... summoned by Natasha
             ... on level 3 of the Dungeon.
             The game lasted 00:08:23 (1635 turns).

Gersthal the Skirmisher (Demonspawn Monk)           Turns: 1635, Time: 00:08:23

Health: -6/29      AC:  2    Str: 11    XL:     3   Next: 30%
Magic:  3/3        EV: 13    Int: 11    God:
Gold:   50         SH:  4    Dex: 16    Spells: 2/2 levels left

rFire    . . .     SeeInvis .   a - +0 falchion
rCold    . . .     Gourm    .   (no shield)
rNeg     . . .     Faith    .   l - +0 robe
rPois    .         Spirit   .   (no helmet)
rElec    .         Reflect  +   (no cloak)
rCorr    .         Harm     .   (no gloves)
MR       .....                  (no boots)
Stlth    ++........             d - +4 amulet of reflection
Regen    0.1/turn               (no ring)
MPRegen  0.1/turn               (no ring)

@: slowed, very slow
A: claws 1, demonic guardian 1
a: no special abilities


You were on level 3 of the Dungeon.
You were not hungry.

You visited 1 branch of the dungeon, and saw 3 of its levels.

You collected 50 gold pieces.

Inventory:

Hand Weapons
 a - a +0 falchion (weapon)
Missiles
 q - 41 bolts
Armour
 l - a +0 robe (worn)
Jewellery
 d - a +4 amulet of reflection (around neck)
 m - an uncursed amulet of rage {unknown}
Scrolls
 f - 2 scrolls of blinking {unknown}
 j - 2 scrolls of teleportation
 k - a scroll of identify {unknown}
 n - a scroll of enchant weapon {unknown}
 o - a scroll of fog {unknown}
 r - a scroll of noise {unknown}
Potions
 b - a potion of cancellation {unknown}
 e - a potion of lignification {unknown}
 g - a potion of resistance {unknown}
 h - 4 potions of brilliance {unknown}
 i - a potion of magic {unknown}
 p - a potion of heal wounds {unknown}
Comestibles
 c - 2 bread rations


   Skills:
 * Level 3.6 Fighting
 * Level 3.1 Long Blades
 * Level 3.1 Dodging
 - Level 1.7 Stealth


You had 2 spell levels left.
You didn't know any spells.

Dungeon Overview and Level Annotations

Branches:
Dungeon (3/15)

Altars:
Elyvilon

Annotations:
D:3 Natasha


Innate Abilities, Weirdness & Mutations

You have sharp fingernails.
A weak demonic guardian rushes to your aid.


Message History

Natasha stares at you and mumbles some strange words.
You feel yourself slow down.
The white imp hits you but does no damage.
Your white imp closely misses the white imp.
You hit Natasha.
Natasha is heavily wounded.
Natasha claws you. The white imp closely misses you.
Your white imp closely misses the white imp.
Natasha claws you!
You hit Natasha but do no damage.
Natasha is heavily wounded.
Your white imp hits the white imp.
Your white imp freezes the white imp.
The white imp completely resists.
The white imp gestures at you. The puff of frost hits you!
* * * LOW HITPOINT WARNING * * *
Natasha barely misses you. The white imp gestures at you.
The puff of frost hits you!
You die...

#.# #.# #.# #.#
#.# #.# #h#
#@#############
#.55..........#
#############.#
#.# #.# #.# #.#
#.######.##..
#...........#
#.#####.....#
###.## #.....#


You could see Natasha, a white imp and a friendly white imp.

Vanquished Creatures
  An adder (D:2)
  A worm (D:3)
  2 dart slugs
  A leopard gecko (D:1)
  2 giant cockroaches
  3 goblins (D:2)
  3 hobgoblins
  A ball python (D:2)
  8 bats
  A frilled lizard (D:1)
  A kobold (D:1)
  A rat (D:1)
25 creatures vanquished.

Notes
Turn   | Place    | Note
-------+----------+-------------------------------------------
     0 | D:1      | Gersthal the Demonspawn Monk began the quest for the Orb.
     0 | D:1      | Reached XP level 1. HP: 18/18 MP: 1/1
   234 | D:1      | Gained mutation: You have sharp fingernails. [demonic ancestry]
   234 | D:1      | Reached XP level 2. HP: 22/24 MP: 2/2
   901 | D:2      | Gained mutation: A weak demonic guardian rushes to your aid. [demonic ancestry]
   901 | D:2      | Reached XP level 3. HP: 18/29 MP: 3/3
  1584 | D:3      | Found a white marble altar of Elyvilon.
  1631 | D:3      | Noticed Natasha
  1635 | D:3      | Killed from afar by a white imp

Skill      XL: |  1  2 |
---------------+-------+-----
Dodging        | 3 |  3.1
Long Blades    | 3 |  3.1
Fighting       | |  3.6
Stealth        | |  1.7

Action                   || total
-------------------------++-------
Melee: Falchion          ||    90
  Use: Scroll            ||     1
 Stab: Sleeping          ||     5
  Eat: Bread ration      ||     1
Armor: Robe              ||    17
       Leather armour    ||     2
Dodge: Dodged            ||    61
Block: Other             ||    13
       Rpst.: Falchion   ||    17
